 Dungeon Crawl Stone Soup version 0.28-a0-973-ga7f8b01127 (webtiles) character file.

Game seed: 8924701427759385141

617 pokeman the Magician (level 7, -6/38 HPs)
             Began as a Deep Elf Hedge Wizard on Dec 1, 2021.
             Killed by divine providence
             ... invoked by an orc priest
              (16 damage)
             ... on level 5 of the Dungeon.
             The game lasted 00:07:55 (4900 turns).

pokeman the Magician (Deep Elf Hedge Wizard)        Turns: 4900, Time: 00:07:55

Health: -6/38      AC:  5    Str:  7    XL:     7   Next: 21%
Magic:  1/20       EV: 12    Int: 21    God:
Gold:   86         SH:  0    Dex: 20    Spells: 10/21 levels left

rFire   . . .      SeeInvis .   n - +2 flail (holy)
rCold   . . .      Faith    .   (no shield)
rNeg    . . .      Spirit   .   r - +0 leather armour
rPois   .          Reflect  .   u - +0 helmet
rElec   .          Harm     .   d - +0 cloak
rCorr   .          Rampage  .   (no gloves)
Will    .....                   (no boots)
Stlth   ++........              (no amulet)
HPRegen 0.12/turn               h - +6 ring of dexterity
MPRegen 0.17/turn               p - ring of flight

@: flying
A: no striking features
a: no special abilities


You were on level 5 of the Dungeon.
You visited 1 branch of the dungeon, and saw 5 of its levels.

You collected 200 gold pieces.
You spent 114 gold pieces at shops.

Inventory:

Hand Weapons
 n - a +2 flail of holy wrath (weapon)
 s - a +0 shortbow
Missiles
 f - 81 arrows
Armour
 d - a +0 cloak (worn)
 r - a +0 leather armour (worn)
 u - a +0 helmet (worn)
Magical Staves
 k - a staff of cold
Jewellery
 h - a +6 ring of dexterity (left hand)
 p - a ring of flight (right hand)
Scrolls
 g - 4 scrolls of teleportation
 l - 2 scrolls of identify
Potions
 a - 2 potions of curing
 b - a potion of attraction {unknown}
 e - a potion of haste
 i - 2 potions of heal wounds {unknown}
 j - a potion of mutation {unknown}
 m - a potion of might {unknown}
 o - a potion of invisibility {unknown}
 q - a potion of brilliance {unknown}
 t - a potion of ambrosia {unknown}


   Skills:
 + Level 1.4 Fighting
 - Level 1.0 Armour
 - Level 3.0 Dodging
 - Level 3.0 Stealth
 * Level 7.8 Spellcasting
 + Level 3.8 Conjurations
 - Level 1.1 Summonings
 - Level 1.1 Translocations
 - Level 1.1 Fire Magic
 - Level 1.2 Ice Magic
 - Level 1.2 Air Magic
 + Level 1.8 Poison Magic
 - Level 1.0 Evocations


You had 10 spell levels left.
You knew the following spells:

 Your Spells              Type           Power      Damage    Failure   Level
a - Magic Dart            Conj           96%        1d7       2%          1
b - Mephitic Cloud        Conj/Pois/Air  17%        N/A       14%         3
c - Call Imp              Summ           12%        N/A       12%         2
d - Blink                 Tloc           24%        N/A       12%         2
e - Conjure Flame         Conj/Fire      18%        6-21      13%         3

Your spell library contained the following spells:

 Spells                   Type           Power      Damage    Failure   Level
 Apportation              Tloc           24%        N/A       8%          1
 Slow                     Hex            32%        N/A       12%         1
 Gell's Gravitas          Tloc           12%        N/A       22%         3
 Teleport Other           Tloc           12%        N/A       22%         3
 Portal Projectile        Hex/Tloc       20%        N/A       28%         3
 Petrify                  Tmut/Erth      8%         N/A       75%         4
 Alistair's Intoxication  Tmut/Pois      8%         N/A       92%         5
 Metabolic Englaciation   Hex/Ice        5%         N/A       95%         5
 Blade Hands              Tmut           4%         N/A       97%         5
 Excruciating Wounds      Necr           4%         N/A       97%         5
 Dispersal                Tloc           6%         N/A       100%        6
 Statue Form              Tmut/Erth      5%         N/A       100%        6


Dungeon Overview and Level Annotations

Branches:
Dungeon (5/15)
 Temple: D:4-7

Altars:
Cheibriados
Uskayaw
Zin

Shops:
D:3 *   D:4 *(*

Annotations:
D:3 Gold behind grate


Message History

That beam is likely to hit you.
Continue anyway?
You miscast Mephitic Cloud.
You are very lightly contaminated with residual magic.
Nothing appears to happen.
A wyvern zombie comes into view.
The orc priest barely misses you. The orc closely misses you.
Unknown command.
A scorpion comes into view.
The bullfrog skeleton hits you.
The orc priest calls down the wrath of Beogh upon you.
Beogh smites you!
* * * LOW HITPOINT WARNING * * *
The bullfrog skeleton hits you but does no damage.
The orc priest casts a cantrip, but nothing happens.
Casting: Mephitic Cloud (quite dangerous; 14% risk of failure)
Confirm with . or Enter, or press ? or * to list all spells.
A beastly little devil appears in a puff of flame.
The bullfrog skeleton hits you but does no damage.
Unknown command.
Your crimson imp barely misses the scorpion.
Your magical contamination has completely faded away.
Something barely misses your crimson imp.
Your crimson imp hits the orc priest.
The bullfrog skeleton closely misses you.
Your crimson imp completely misses the orc priest.
Casting: Call Imp (safe; 12% risk of failure)
Confirm with . or Enter, or press ? or * to list all spells.
You blink.
Casting: Blink (safe; 12% risk of failure)
Confirm with . or Enter, or press ? or * to list all spells.
A beastly little devil appears in a puff of flame.
The scorpion stings your crimson imp!
Your crimson imp barely misses the scorpion.
The scorpion stings your crimson imp!
Your crimson imp dies!
Your crimson imp disappears in a puff of smoke!
You feel stable enough to blink again.
The orc priest invokes the aid of Beogh against you.
Beogh smites you!
You die...

}888......[5######
.888........oZ.o.#
.....###########Z#
###### #.# #s# #.#
#.# #.# #####@#
#########.....#
#...........#####.#
#...........'.....#
#...........#######
#...........######
#...........'....#
#...........####.#
#................#


You could see a scorpion, an orc priest and a bullfrog skeleton.

Vanquished Creatures
  A hornet zombie (D:4)
  A centaur (D:4)
  2 phantoms (D:4)
  A bullfrog zombie (D:5)
  An orc priest (D:5)
  A hound (D:4)
  An iguana (D:3)
  An orc wizard (D:5)
  Natasha (D:3)
  7 adders
  A white imp (D:5)
  2 worms (D:2)
  A dart slug (D:4)
  4 orcs
  5 bats
  4 endoplasms
  4 goblins
  2 jackals (D:3)
  7 kobolds
  2 quokkas
  9 ball pythons
  3 frilled lizards
  3 rats
64 creatures vanquished.

Vanquished Creatures (collateral kills)
  An orc (D:3)
1 creature vanquished.

Grand Total: 65 creatures vanquished

Notes
Turn   | Place    | Note
-------+----------+-------------------------------------------
     0 | D:1      | pokeman the Deep Elf Hedge Wizard began the quest for the
                  | Orb.
     0 | D:1      | Reached XP level 1. HP: 10/10 MP: 7/7
   640 | D:1      | Reached XP level 2. HP: 15/15 MP: 7/9
  1495 | D:2      | Reached skill level 5 in Spellcasting
  1763 | D:2      | Reached XP level 3. HP: 20/20 MP: 0/11
  1767 | D:2      | Learned a level 3 spell: Mephitic Cloud
  1770 | D:2      | Learned a level 2 spell: Call Imp
  1773 | D:2      | Learned a level 2 spell: Blink
  1777 | D:2      | Learned a level 3 spell: Conjure Flame
  2214 | D:3      | Reached skill level 1 in Fighting
  2293 | D:3      | Reached skill level 1 in Armour
  2683 | D:3      | Reached XP level 4. HP: 25/25 MP: 7/13
  2863 | D:3      | Found Tyunkutt's General Store.
  2867 | D:3      | Bought a scroll of teleportation for 42 gold pieces
  2867 | D:3      | Bought a scroll of identify for 28 gold pieces
  2911 | D:3      | Found a glowing silver altar of Zin.
  3240 | D:3      | Noticed Natasha
  3247 | D:3      | Killed Natasha
  3248 | D:3      | Reached skill level 6 in Spellcasting
  3248 | D:3      | Reached skill level 1 in Fire Magic
  3476 | D:4      | Found Joiruut's General Store.
  3485 | D:4      | Reached XP level 5. HP: 27/29 MP: 7/15
  3546 | D:4      | Bought a potion of curing for 33 gold pieces
  3546 | D:4      | Bought a scroll of noise for 11 gold pieces
  3589 | D:4      | Noticed a phantom
  3614 | D:4      | Killed a phantom
  3615 | D:4      | Reached skill level 1 in Ice Magic
  3915 | D:4      | Found Husaes Icwyn's Assorted Antiques.
  4039 | D:4      | Reached skill level 7 in Spellcasting
  4039 | D:4      | Reached skill level 1 in Evocations
  4039 | D:4      | Reached XP level 6. HP: 33/34 MP: 14/18
  4206 | D:4      | Found a snail-covered altar of Cheibriados.
  4265 | D:4      | Reached skill level 1 in Air Magic
  4532 | D:4      | Found Dusa's Weapon Emporium.
  4544 | D:4      | Reached skill level 1 in Poison Magic
  4548 | D:4      | Reached XP level 7. HP: 34/38 MP: 10/20
  4681 | D:4      | Found a hide-covered altar of Uskayaw.
  4748 | D:5      | Entered Level 5 of the Dungeon
  4900 | D:5      | Killed from afar by an orc priest

Illustrated notes

Levels and vault maps discovered:
D:1:      dpeg_arrival_simpleton_c, layout_basic
D:2:      layout_rooms, dk_noncrumbling_3
D:3:      layout_loops_ring, zin_treasury, serial_shops, shop,
          minmay_misc_feat_five, grunt_decor_fettered, uniq_natasha
D:4:      layout_loops_ring, nicolae_uskayaw_suspiria, kennysheep_slug_shrine,
          serial_shops, shop, nicolae_lakefront_shop,
          nicolae_shop_temple_entry_statues_fountains
D:5:      layout_basic, overflow_temple_1_default, ebering_ghost_sewer_f,
          st_stairs_2, hellmonk_bongcloud_opening, minmay_manual_mess

Skill      XL: |  1  2  3  4  5  6 |
---------------+-------------------+-----
Spellcasting   | 5 6 7 |  7.8
Fighting       | 1 |  1.4
Armour         | 1 |  1.0
Conjurations   | 2 3 |  3.8
Dodging        | 3 |  3.0
Fire Magic     | 1 |  1.1
Stealth        | 3 |  3.0
Ice Magic      | 1 |  1.2
Evocations     | 1 |  1.0
Air Magic      | 1 |  1.2
Poison Magic   | 1 |  1.8
Summonings     | |  1.1
Translocations | |  1.1

Action                   |  1- 3 |  4- 6 |  7- 9 || total
-------------------------+-------+-------+-------++-------
Melee: Flail             |     5 |    12 |     4 ||    21
 Cast: Magic Dart        |   109 |    91 |     7 ||   207
       Call Imp          |     1 |       |     2 ||     3
       Conjure Flame     |       |     3 |     2 ||     5
       Mephitic Cloud    |       |     2 |     2 ||     4
       Blink             |       |     1 |     1 ||     2
 Stab: Sleeping          |     1 |       |       ||     1
       Confused          |       |     2 |       ||     2
Armor: Robe              |     4 |     1 |       ||     5
       Leather armour    |       |     5 |     5 ||    10
Dodge: Dodged            |    16 |    26 |    13 ||    55

Table legend: (Time is in decaauts)
 A = Elapsed time spent in this place.
 B = Non-inter-level travel time spent in this place.
 C = Inter-level travel time spent in this place.
 D = Time resting spent in this place.
 E = Time spent auto-exploring this place.
 F = Levels seen in this place.
 G = Mean time per level.
                   A        B        C        D        E       F      G
               +--------+--------+--------+--------+--------+-----+--------+
         Total |   4911 |   4747 |    164 |    240 |   3950 |   5 |  982.2 |
       Dungeon |   4911 |   4747 |    164 |    240 |   3950 |   5 |  982.2 |
               +--------+--------+--------+--------+--------+-----+--------+

Top non-repeatable levels by time:
     D:1: 1403 daAuts
     D:4: 1276 daAuts
     D:3: 1271 daAuts
     D:2: 807 daAuts
     D:5: 153 daAuts
